 Seeded DCSS version 0.28-a0-773-g130ae17fe5 (webtiles) character file.

Game seed: 8187633931974095378 (custom seed)

76 flotson the Sneak (level 4, -15/35 HPs)
             Began as a Demonspawn Delver on Nov 1, 2021.
             Demolished by an ogre (19 damage)
             ... on level 3 of the Dungeon.
             The game lasted 00:06:11 (3078 turns).

flotson the Sneak (Demonspawn Delver)               Turns: 3078, Time: 00:06:12

Health: -15/35     AC:  7    Str: 13    XL:     4   Next: 12%
Magic:  4/4        EV:  5    Int: 11    God:
Gold:   141        SH: 15    Dex: 15    Spells: 3/3 levels left

rFire   . . .      SeeInvis .   b - +0 hunting sling
rCold   . . .      Faith    .   i - +0 tower shield
rNeg    . . .      Spirit   .   e - +0 scale mail
rPois   .          Reflect  .   (no helmet)
rElec   .          Harm     .   (no cloak)
rCorr   .          Rampage  .   l - +0 pair of gloves
Will    .....                   (no boots)
Stlth   +.........              (no amulet)
HPRegen 0.11/turn               (no ring)
MPRegen 0.09/turn               (no ring)

@: attractive
A: hooves 1, condensation shield
a: no special abilities


You were on level 3 of the Dungeon.
You visited 1 branch of the dungeon, and saw 5 of its levels.

You collected 141 gold pieces.

Inventory:

Hand Weapons
 a - a +0 hand axe
 b - a +0 hunting sling (weapon)
Missiles
 j - 13 stones (quivered ammo)
 s - 8 poisoned darts (quivered)
Armour
 e - a +0 scale mail (worn)
 i - a +0 tower shield (worn)
 l - a +0 pair of gloves (worn)
Jewellery
 m - a ring of fire
Wands
 g - a wand of digging (3)
Scrolls
 c - a scroll of fog
 d - a scroll of magic mapping
 k - a scroll of teleportation {unknown}
 n - a scroll of blinking {unknown}
 o - 2 scrolls of noise {unknown}
 p - a scroll of vulnerability {unknown}
 r - 2 scrolls of identify {unknown}
Potions
 f - a potion of haste
 h - a potion of attraction
 q - a potion of lignification {unknown}


   Skills:
 + Level 3.4 Fighting
 - Level 1.7 Axes
 - Level 1.0(1.1) Slings
 + Level 0.3(0.8) Throwing
 + Level 1.3 Armour
 + Level 2.3 Dodging
 - Level 4.5 Stealth
 + Level 1.2 Shields


You had 3 spell levels left.
You didn't know any spells.
Your spell library was empty.

Dungeon Overview and Level Annotations

Branches:
Dungeon (5/15)
 Temple: D:4-7

Altars:

Annotations:
D:4 Natasha


Innate Abilities, Weirdness & Mutations

You have large cloven feet.
A meltable shield of frost defends you. (SH +4)


Message History

Press: ? - help, Q - select action, (/) - cycle Shift-Dir - straight line, f/p - ogre
Aim: an ogre, wielding a +0 giant club (almost dead, 74% to hit)
You throw a poisoned dart. The poisoned dart hits the ogre.
The ogre is almost dead.
You block the ogre's attack.
Throw: 10 darts (poison)
Press: ? - help, Q - select action, (/) - cycle Shift-Dir - straight line, f/p - ogre
Aim: an ogre, wielding a +0 giant club (almost dead, 73% to hit)
You throw a poisoned dart. The poisoned dart hits the ogre.
The ogre is poisoned.
The ogre is almost dead.
You block the ogre's attack.
The ogre looks more healthy.
There is a stone staircase leading up here.
You see here a +0 dagger.
There is a stone staircase leading up here.
You see here a poisoned dart.
You see here a poisoned dart.
You see here a poisoned dart.
You see here 2 poisoned darts.
Found 19 stones.
You block the ogre's attack.
Throw: 9 darts (poison)
Press: ? - help, Q - select action, (/) - cycle Shift-Dir - straight line, f/p - ogre
Aim: an ogre, wielding a +0 giant club (severely wounded, 72% to hit)
You throw a poisoned dart. The poisoned dart hits the ogre.
The ogre is severely wounded.
The ogre hits you with a +0 giant club!
* * * LOW HITPOINT WARNING * * *
An orc comes into view. It is wielding a +0 short sword.
The orc shouts!
You hear a shout!
An orc comes into view. It is wielding a +0 flail.
You block the orc's attack.
Okay, then.
Unknown command.
It was a potion of attraction.
You feel attractive to monsters.
The ogre hits you with a +0 giant club!!
Ouch! That really hurt!
You die...

# .# ###.#
#(. # #oo.#
#.# # #@#
#.# # #O#
#(# ### #
#.# ... ..#
#.# #(# #.#
#(#.# #(#
#.# #.#(#
#.# ##.####
#.#.#
#.###...##.
#.#.#
#.##.#.#.#.
#.#.#
#..........


You could see an ogre and 2 orcs.

Vanquished Creatures
  2 adders
  A worm (D:2)
  A dart slug (D:2)
  An orc (D:3)
  4 endoplasms
  8 giant cockroaches
  6 goblins
  A hobgoblin (D:1)
  4 jackals (D:1)
  2 quokkas (D:1)
  3 ball pythons
  3 bats
  3 frilled lizards (D:2)
  3 kobolds
  7 rats
49 creatures vanquished.

Vanquished Creatures (others)
  A withered plant (D:3)
1 creature vanquished.

Grand Total: 50 creatures vanquished

Notes
Turn   | Place    | Note
-------+----------+-------------------------------------------
     0 | D:5      | flotson the Demonspawn Delver began the quest for the Orb.
     0 | D:5      | Reached XP level 1. HP: 18/18 MP: 1/1
    10 | D:5      | Noticed a bullfrog
    50 | D:4      | Noticed Natasha
   752 | D:1      | Gained mutation: A meltable shield of frost defends you.
                  | (SH +4) [demonic ancestry]
   752 | D:1      | Reached XP level 2. HP: 24/24 MP: 2/2
   783 | D:1      | Found a faded altar of an unknown god.
  1574 | D:1      | Reached skill level 1 in Armour
  1574 | D:1      | Gained mutation: You have large cloven feet. [demonic
                  | ancestry]
  1574 | D:1      | Reached XP level 3. HP: 29/29 MP: 3/3
  1914 | D:2      | Reached skill level 1 in Shields
  2017 | D:2      | Reached skill level 1 in Slings
  2727 | D:3      | Reached XP level 4. HP: 35/35 MP: 4/4
  2969 | D:3      | Noticed an ogre
  3078 | D:3      | Demolished by an ogre

Illustrated notes

Levels and vault maps discovered:
D:1:      giann_forest_graveyard, layout_loops_ring,
          hellmonk_ecumenical_altar_lost_god, minmay_worlds_worst_comb
D:2:      layout_basic
D:3:      cheibrodos_thug_alley, layout_loops_ring, yredelemnul_altar_generic,
          minmay_pentangle
D:4:      layout_loops_ring, lightli_sewer_entry_pipes,
          chequers_serial_rivers_marsh, minmay_cut_off, uniq_blork_the_orc,
          uniq_edmund, uniq_natasha
D:5:      layout_basic, nicolae_uskayaw_suspiria, mainiacjoe_overflow_alcove_4,
          minmay_temple_entry_trees, hangedman_glass_teeth, uniq_pikel

Skill      XL: |  1  2  3 |
---------------+----------+-----
Dodging        | 2 |  2.3
Armour         | 1 |  1.3
Shields        | 1 |  1.2
Slings         | 1 |  1.0
Fighting       | |  3.4
Axes           | |  1.7
Throwing       | |  0.3
Stealth        | |  4.5

Action                   |  1- 3 |  4- 6 || total
-------------------------+-------+-------++-------
Melee: Hand axe          |    81 |       ||    81
       Kick              |     9 |       ||     9
 Fire: Hunting sling     |   138 |    29 ||   167
Throw: Dart              |       |     6 ||     6
  Use: Scroll            |     1 |       ||     1
       Potion            |       |     1 ||     1
Armor: Scale mail        |    89 |     3 ||    92
Dodge: Dodged            |    23 |     1 ||    24
Block: Tower shield      |   131 |    29 ||   160

Table legend: (Time is in decaauts)
 A = Elapsed time spent in this place.
 B = Non-inter-level travel time spent in this place.
 C = Inter-level travel time spent in this place.
 D = Time resting spent in this place.
 E = Time spent auto-exploring this place.
 F = Levels seen in this place.
 G = Mean time per level.
                   A        B        C        D        E       F      G
               +--------+--------+--------+--------+--------+-----+--------+
         Total |   3239 |   3161 |     78 |      8 |   2273 |   5 |  647.8 |
       Dungeon |   3239 |   3161 |     78 |      8 |   2273 |   5 |  647.8 |
               +--------+--------+--------+--------+--------+-----+--------+

Top non-repeatable levels by time:
     D:1: 1434 daAuts
     D:2: 1258 daAuts
     D:3: 452 daAuts
     D:5: 50 daAuts
     D:4: 42 daAuts
